 Dungeon Crawl Stone Soup version 0.24-a0-493-g7e4ddcd485 (webtiles) character file.

Game seed: 7562115761432031009

92 Azzok the Magician (level 4, -3/24 HPs)
             Began as a Deep Elf Fire Elementalist on July 12, 2019.
             Killed by divine providence
             ... invoked by an orc priest
              (11 damage)
             ... on level 3 of the Dungeon.
             The game lasted 00:02:42 (2078 turns).

Azzok the Magician (Deep Elf Fire Elementalist)     Turns: 2078, Time: 00:02:43

Health: -3/24      AC:  5    Str:  5    XL:     4   Next: 35%
Magic:  10/12      EV: 13    Int: 21    God:
Gold:   54         SH:  0    Dex: 15    Spells: 3/11 levels left

rFire    . . .     SeeInvis .   j - +0 hand axe (chop)
rCold    . . .     Gourm    .   (no shield)
rNeg     . . .     Faith    .   a - +0 robe
rPois    +         Spirit   .   (no helmet)
rElec    .         Reflect  .   i - +0 cloak
rCorr    .         Harm     .   (no gloves)
MR       .....                  (no boots)
Stlth    ++........             (no amulet)
HPRegen  0.08/turn              f - ring of poison resistance
MPRegen  0.13/turn              h - +2 ring of protection

@: no status effects
A: no striking features
a: no special abilities


You were on level 3 of the Dungeon.
You were not hungry.

You visited 1 branch of the dungeon, and saw 3 of its levels.

You collected 54 gold pieces.

Inventory:

Hand Weapons
 j - a +0 hand axe of chopping (weapon)
Armour
 a - a +0 robe (worn)
 i - a +0 cloak (worn)
Jewellery
 f - a ring of poison resistance (left hand)
 h - a +2 ring of protection (right hand)
Potions
 d - 2 potions of flight {unknown}
 e - a potion of curing {unknown}
 g - a potion of agility {unknown}
Comestibles
 b - a chunk of flesh
 c - 2 rations


   Skills:
 - Level 2.4 Dodging
 - Level 2.4 Stealth
 + Level 4.4 Spellcasting
 + Level 2.7 Conjurations
 + Level 4.2 Fire Magic


You had 3 spell levels left.
You knew the following spells:

 Your Spells              Type           Power        Failure   Level  Hunger
a - Flame Tongue          Conj/Fire      ###..        2%          1    None
b - Conjure Flame         Conj/Fire      ###.....     9%          3    ##.....
c - Sticky Flame          Conj/Fire      ###.....     26%         4    ####...

Your spell library contained the following spells:

 Spells                   Type           Power        Failure   Level  Hunger
 Throw Flame              Conj/Fire      ###...       4%          2    #......
 Inner Flame              Hex/Fire       ##......     14%         3    ##.....
 Fireball                 Conj/Fire      ###.......   58%         5    ######.


Dungeon Overview and Level Annotations

Branches:
Dungeon (3/15)

Altars:
Dithmenos
Gozag


Message History

Confirm with . or Enter, or press ? or * to list all spells.
Aiming: Flame Tongue (safe; 2% risk of failure)
Press: ? - help, Shift-Dir - straight line, f - orc
Aim: an orc, wielding a +1 mace of pain The flame tongue hits the orc.
The orc is lightly wounded.
The orc shouts!
Casting: Flame Tongue (safe; 2% risk of failure)
Confirm with . or Enter, or press ? or * to list all spells.
Aiming: Flame Tongue (safe; 2% risk of failure)
Press: ? - help, Shift-Dir - straight line, f - orc, p - orc
Aim: an orc, wielding a -3 trident The flame tongue misses the orc.
The orc priest invokes the aid of Beogh against you.
Beogh smites you!
Ouch! That really hurt!
The orc closely misses you.
The orc priest invokes the aid of Beogh against you.
Beogh smites you!
You die...

··· ▒·▒
·_· ▒·▒
▒·▒ ▒·▒
▒·▒ ▒@▒
▒········▒
·▒▒▒▒▒▒o·▒
▒oo▒ ▒··▒
·o·▒ ▒··▒
▒··▒


You could see an orc priest and 3 orcs.

Vanquished Creatures
  4 adders (D:2)
  A worm (D:2)
  2 dart slugs (D:2)
  2 leopard geckos
  7 bats
  4 giant cockroaches (D:1)
  4 goblins
  7 hobgoblins
  7 kobolds
  A quokka (D:2)
  A ball python (D:1)
  2 frilled lizards
  4 rats
46 creatures vanquished.

Notes
Turn   | Place    | Note
-------+----------+-------------------------------------------
     0 | D:1      | Azzok the Deep Elf Fire Elementalist began the quest for
                  | the Orb.
     0 | D:1      | Reached XP level 1. HP: 10/10 MP: 6/6
   222 | D:1      | Reached XP level 2. HP: 12/15 MP: 1/8
  1108 | D:2      | Reached XP level 3. HP: 19/19 MP: 8/10
  1293 | D:2      | Learned a level 3 spell: Conjure Flame
  1636 | D:2      | Found a shadowy altar of Dithmenos.
  1685 | D:2      | Reached XP level 4. HP: 24/24 MP: 6/12
  1694 | D:2      | Learned a level 4 spell: Sticky Flame
  2074 | D:3      | Found an opulent altar of Gozag.
  2078 | D:3      | Killed from afar by an orc priest

Levels and vault maps discovered:
D:1:      ncdulo_smallfort, layout_rooms
D:2:      layout_loops_corners, nicolae_overflow_hidden_temple
D:3:      layout_loops_ring, kennysheep_slug_shrine,
          lemuel_coloured_pillars_altar, old_standard_altar,
          lemuel_crystal_altar, wander_ebering_terrifying_dragon_lair,
          uniq_natasha

Skill      XL: |  1  2  3 |
---------------+----------+-----
Conjurations   | 2 |  2.7
Spellcasting   | 4 |  4.4
Fire Magic     | 4 |  4.2
Dodging        | |  2.4
Stealth        | |  2.4

Action                   |  1- 3 |  4- 6 || total
-------------------------+-------+-------++-------
Melee: Hand axe          |     7 |       ||     7
 Cast: Flame Tongue      |    62 |    18 ||    80
  Use: Scroll            |     3 |       ||     3
 Stab: Sleeping          |     1 |       ||     1
  Eat: Chunk             |     2 |     1 ||     3
Armor: Robe              |     2 |     2 ||     4
Dodge: Dodged            |    19 |     7 ||    26

Table legend:
 A = Non-vault XP
 B = Vault XP
 C = Vault XP percentage of total XP
 D = Non-vault monster count
 E = Vault monster count
 F = Vault count percentage of total count
                 A         B        C        D         E       F
            +---------+---------+-------+---------+---------+-------
      Total |     132 |       0 |   0.0 |      46 |       0 |   0.0
            +---------+---------+-------+---------+---------+-------
        D:1 |      29 |       0 |   0.0 |      16 |       0 |   0.0
        D:2 |     103 |       0 |   0.0 |      30 |       0 |   0.0
            +---------+---------+-------+---------+---------+-------
